 Dungeon Crawl Stone Soup version 0.30-a0-867-g305f33218d (webtiles) character file.

Game seed: 2504905499385961603

2883 iguanaiguana the Chiller (level 9, -5/77 HPs)
             Began as an Armataur Ice Elementalist on Mar 10, 2023.
             Was a Follower of Cheibriados.
             Engulfed by a cloud of poison gas (8 damage)
             ... on level 9 of the Dungeon on Mar 11, 2023.
             The game lasted 00:21:31 (2270 turns).

iguanaiguana the Chiller (AtIE)                     Turns: 2270, Time: 00:21:32

Health: -5/77      AC:  7    Str: 17      XL:     9   Next: 48%
Magic:  12/18      EV: 14    Int: 20 (22) God:    Cheibriados [*.....]
Gold:   174        SH:  0    Dex: 19 (20) Spells: 9/20 levels left

rFire   . . .      SeeInvis .    f - +0 quarterstaff (elec)
rCold   + . .      Faith    .    (shield currently unavailable)
rNeg    . . .      Spirit   .    m - +1 leather armour {rC+}
rPois   .          Reflect  .    k - +0 helmet
rElec   .          Roll     +    o - +1 cloak
rCorr   .                        x - +0 pair of gloves
Will    .....                    (no barding)
Stlth   +                        (no amulet)
HPRegen 0.32/turn                j - +5 ring of evasion
MPRegen 0.16/turn                F - +6 ring of dexterity

@: confused, lethally poisoned (-5 -> -14), ambrosia-drunk, corroded, very slow
A: large, rugged brown scales 3, deformed body, armoured tail, roll, long
tongue, awkward tongue, talons 1, iridescent scales 1, deterioration 1
a: Renounce Religion, Bend Time


You were on level 9 of the Dungeon.
You worshipped Cheibriados.
Cheibriados was aware of your devotion.
You visited 2 branches of the dungeon, and saw 10 of its levels.

You collected 174 gold pieces.

Inventory:

Hand Weapons
 f - a +0 quarterstaff of electrocution (weapon)
 g - a +0 spear
 s - a +1 mace of protection
 u - a +0 morningstar
 w - a +3 battleaxe of electrocution
Missiles
 C - a throwing net (quivered)
Armour
 a - a +0 robe
 h - an orb of guile
 k - a +0 helmet (worn)
 l - a +0 kite shield
 m - a +1 leather armour of cold resistance (worn)
 o - a +1 cloak (worn)
 x - a +0 pair of gloves (worn)
 E - an orb of energy
Magical Staves
 B - a staff of earth
Jewellery
 j - a +5 ring of evasion (left hand)
 F - a +6 ring of dexterity (right hand)
Wands
 y - a wand of digging (5) {@v3}
 D - a wand of paralysis (9)
Scrolls
 e - 2 scrolls of blinking {@r4}
 n - a scroll of fog
 p - a scroll of enchant weapon {unknown}
 t - 2 scrolls of teleportation {@r3}
Potions
 b - 2 potions of magic
 r - a potion of cancellation
 v - a potion of haste {unknown}
 z - a potion of heal wounds {@q2}


   Skills:
 + Level 4.4 Fighting
 - Level 4.0 Staves
 - Level 1.3 Dodging
 - Level 2.1 Stealth
 - Level 6.0 Spellcasting
 - Level 5.0 Summonings
 - Level 7.0 Ice Magic


You had 9 spell levels left.
You knew the following spells:

 Your Spells              Type           Power      Damage    Failure   Level
a - Freeze                Ice            100%       1d10      1%          1
b - Frozen Ramparts       Ice            68%        1d11      2%          3
c - Ozocubu's Armour      Ice            34%        N/A       2%          3
d - Summon Ice Beast      Ice/Summ       30%        N/A       11%         4

Your spell library contained the following spells:

 Spells                   Type           Power      Damage    Failure   Level
 Apportation              Tloc           12%        N/A       13%         1
 Gell's Gravitas          Tloc           6%         N/A       36%         3
 Teleport Other           Tloc           6%         N/A       36%         3
 Alistair's Intoxication  Tmut/Pois      4%         N/A       98%         5
 Dispersal                Tloc           3%         N/A       100%        6


Dungeon Overview and Level Annotations

Branches:
Dungeon (9/15) Zot: 40424  Temple (1/1) D:5 Zot: 8871
   Lair: D:8-11         Orc: D:9-12

Altars:
Cheibriados
Dithmenos
Elyvilon
Fedhas
Gozag
Hepliaklqana
Kikubaaqudgha
Ru
Sif Muna
Trog
Wu Jian
Xom
Yredelemnul
The Shining One


Innate Abilities, Weirdness & Mutations

You are completely covered in rugged brown scales. (AC +3, +7% HP)
Armour fits poorly on your strangely shaped body.
You have a long armoured tail.
You roll when moving toward enemies. (Rampage)
Your long tongue fully drains potion bottles. (2x potion effects)
Your tongue gives you trouble enunciating. (1.5x scroll delay)
You have sharp toenails.
You are partially covered in iridescent scales. (AC +2)
Your body sometimes deteriorates upon taking damage.


Message History

You hear a bellow!
You hear an angry hiss.
Okay, then.
Okay, then.
Okay, then.
Okay, then.
Okay, then.
Okay, then.
Okay, then.
Okay, then.
Okay, then.
Okay, then.
You slurp down every last drop of the potion of curing {@q1}!
You feel better.
The frozen ramparts melt away.
Casting: Frozen Ramparts (safe; 1% risk of failure)
Confirm with . or Enter, or press ? or * to list all spells.
Casting: Frozen Ramparts (safe; 1% risk of failure)
Press: ? - help, Dir - look around, f - activate The walls around you are covered in ice.
The wall freezes the acid dragon.
Flame seeps out of the acid dragon.
You slurp down every last drop of the potion of ambrosia!
You are confused.
You feel invigorated.
A yak comes into view.
The wall freezes the acid dragon.
Flame seeps out of the acid dragon.
The acid dragon is engulfed in blazing flames.
Cheibriados appreciates the change of pace.
The acid dragon scales are intact enough to wear.
The acid dragon explodes!
The fiery explosion engulfs you!!!
Your icy armour melts away.
Ouch! That really hurt!
* * * LOW HITPOINT WARNING * * *
Your body deteriorates!
You feel dopey.
You hear a bellow!
Your frozen ramparts will break if you move.
Continue?
The frozen ramparts melt away as you move.
A yak comes into view.
You are engulfed in poison gas.
You are lethally poisoned!
You die...

############# ..
............. #.
#....<...... #.
#........... #.
#........... #.
#...........
Y#####○######..☼........
..Y...§°§☼°○.○○°........
######@#######.#####.##
#.# #.# #<# #.# #.# #.#
#.# #.# #†# #.# #.# #.#
... ..# #†# ##. #. #†# .
#.# #.#


You could see 2 yaks.

Vanquished Creatures
  An elephant (D:9)
  6 yaks (D:9)
  A steam dragon (D:7)
  An acid dragon (D:9)
  A sky beast (D:7)
  Blork the orc (D:6)
  A bullfrog (D:7)
  A gnoll sergeant (D:6)
  2 scorpions (D:6)
  4 killer bees (D:9)
  4 wights (D:7)
  A howler monkey (D:9)
  An orc priest (D:7)
  4 jellies
  2 gnoll boudas
  A hound (D:4)
  4 iguanas
  A sleepcap (D:7)
  An orc wizard (D:6)
  11 gnolls
  5 adders
  A shadow imp (D:5)
  16 orcs
  3 ball pythons
  An endoplasm (D:4)
  2 goblins (D:1)
  2 hobgoblins (D:1)
  7 jackals (D:1)
  3 quokkas (D:1)
  3 bats (D:1)
  A frilled lizard (D:1)
  5 kobolds
  5 rats
103 creatures vanquished.

Vanquished Creatures (others)
  A white imp (D:7)
  7 plants
8 creatures vanquished.

Grand Total: 111 creatures vanquished

Notes
Turn   | Place    | Note
-------+----------+-------------------------------------------
     0 | D:1      | iguanaiguana the Armataur Ice Elementalist began the quest
                  | for the Orb.
     0 | D:1      | Reached XP level 1. HP: 14/14 MP: 3/3
   130 | D:1      | Reached XP level 2. HP: 21/21 MP: 5/5
   150 | D:1      | Reached skill level 4 in Ice Magic
   358 | D:1      | Reached XP level 3. HP: 27/27 MP: 6/6
   379 | D:2      | Found an opulent altar of Gozag.
   627 | D:4      | Noticed a black bear
   658 | D:3      | Learned a level 3 spell: Frozen Ramparts
   764 | D:4      | Reached XP level 4. HP: 7/35 MP: 4/7
   790 | D:4      | Reached skill level 5 in Ice Magic
   794 | D:4      | Learned a level 3 spell: Ozocubu's Armour
   890 | D:5      | Entered Level 5 of the Dungeon
   947 | D:5      | Reached XP level 5. HP: 40/40 MP: 4/8
  1040 | D:5      | Reached skill level 6 in Ice Magic
  1114 | D:6      | Gained mutation: Your body sometimes deteriorates upon
                  | taking damage. [potion of mutation]
  1114 | D:6      | Gained mutation: You are partially covered in iridescent
                  | scales. (AC +2) [potion of mutation]
  1114 | D:6      | Gained mutation: You have sharp toenails. [potion of
                  | mutation]
  1125 | D:6      | Reached XP level 6. HP: 14/48 MP: 3/9
  1251 | D:5      | Reached skill level 7 in Ice Magic
  1277 | D:5      | Reached skill level 1 in Summonings
  1319 | D:5      | Found a staircase to the Ecumenical Temple.
  1330 | Temple   | Entered the Ecumenical Temple
  1400 | Temple   | Became a worshipper of Cheibriados the Contemplative
  1502 | D:6      | Noticed Blork the orc
  1511 | D:6      | Killed Blork the orc
  1512 | D:6      | Reached XP level 7. HP: 52/53 MP: 3/10
  1704 | D:6      | Found a basalt altar of Yredelemnul.
  1830 | D:7      | Reached skill level 1 in Staves
  1866 | D:7      | Reached * piety under Cheibriados
  1905 | D:7      | Reached XP level 8. HP: 56/60 MP: 6/11
  2049 | D:7      | Learned a level 4 spell: Summon Ice Beast
  2175 | D:8      | Found a shadowy altar of Dithmenos.
  2215 | D:9      | Reached skill level 5 in Summonings
  2227 | D:9      | Reached skill level 5 in Spellcasting
  2229 | D:9      | Reached XP level 9. HP: 30/66 MP: 4/17
  2253 | D:9      | Noticed an elephant
  2263 | D:9      | Killed an elephant
  2269 | D:9      | HP: 3/75 [spore (40)]
  2270 | D:9      | Engulfed by a cloud of poison gas

Illustrated notes

Levels and vault maps discovered:
D:1:      dpeg_arrival_shrine, layout_loops_ring,
          nicolae_concentric_dashed_squares_wild, minmay_misc_feat_enclosed
D:2:      layout_basic, basic_altar, kennysheep_cross_bottleneck
D:3:      layout_loops_corners, minivault_11
D:4:      layout_rooms, kennysheep_generic_room_4
D:5:      layout_basic, minmay_temple_entry_mini_moons, kennysheep_windowed_goal
D:6:      layout_basic, yredelemnul_altar_generic, nicolae_grassy_gnolls,
          uniq_blork_the_orc
D:7:      layout_basic
D:8:      layout_basic, nicolae_dithmenos_the_darkroom
D:9:      layout_small_grid, mainiacjoe_overflow_alcove_1, david_lair_generic,
          erik_orc_3, biasface_ghost_orc_armoury, minmay_increasing_density
Temple:   nicolae_temple_bog_church

Skill      XL: |  1  2  3  4  5  6  7  8  9 |
---------------+----------------------------+-----
Spellcasting   | 2 5 6 |  6.0
Ice Magic      | 4 5 6 7 |  7.0
Summonings     | 2 3 5 |  5.0
Staves         | 3 4 |  4.0
Fighting       | 4 |  4.4
Dodging        | |  1.3
Stealth        | |  2.1

Action                     |  1- 3 |  4- 6 |  7- 9 || total
---------------------------+-------+-------+-------++-------
  Melee: Unarmed           |    45 |       |       ||    45
         Tailslap          |    13 |    13 |    10 ||    36
         Quarterstaff      |    67 |     6 |    62 ||   135
         Mace              |       |    57 |       ||    57
         Punch             |       |     2 |       ||     2
         Kick              |       |     8 |    27 ||    35
         Battleaxe         |       |       |    22 ||    22
   Cast: Freeze            |    14 |    11 |       ||    25
         Frozen Ramparts   |     1 |    10 |    19 ||    30
         Ozocubu's Armour  |       |     4 |     4 ||     8
    Use: Scroll            |     2 |     7 |     8 ||    17
         Potion            |       |     4 |     4 ||     8
   Stab: Sleeping          |     3 |     1 |       ||     4
 Armour: Robe              |    52 |       |       ||    52
         Leather armour    |     8 |    26 |    48 ||    82
  Dodge: Dodged            |    90 |    44 |    86 ||   220

Table legend: (Time is in decaauts)
 A = Elapsed time spent in this place.
 B = Non-inter-level travel time spent in this place.
 C = Inter-level travel time spent in this place.
 D = Time resting spent in this place.
 E = Time spent auto-exploring this place.
 F = Levels seen in this place.
 G = Mean time per level.
                   A        B        C        D        E       F      G
               +--------+--------+--------+--------+--------+-----+--------+
         Total |   2563 |   2385 |    178 |      0 |      0 |  10 |  256.3 |
       Dungeon |   2470 |   2313 |    157 |      0 |      0 |   9 |  274.4 |
        Temple |     93 |     72 |     21 |      0 |      0 |   1 |   93.0 |
               +--------+--------+--------+--------+--------+-----+--------+

Top non-repeatable levels by time:
     D:6: 500 daAuts
     D:5: 411 daAuts
     D:1: 385 daAuts
     D:7: 367 daAuts
     D:4: 311 daAuts
     D:3: 201 daAuts
     D:8: 180 daAuts
  Temple: 93 daAuts
     D:9: 75 daAuts
     D:2: 36 daAuts
